 Dungeon Crawl Stone Soup version 0.25-a0-781-gc44aebf4fe (webtiles) character file.

Game seed: 8870628058355526599, levelgen mode: deterministic

21 Heliosone the Changer (level 2, 1/21 HPs)
             Began as a Merfolk Transmuter on Apr 16, 2020.
             Quit the game on level 1 of the Dungeon on Apr 18, 2020.
             The game lasted 00:03:03 (944 turns).

Heliosone the Changer (Merfolk Transmuter)           Turns: 944, Time: 00:03:04

Health: 1/21       AC:  2    Str: 10    XL:     2   Next: 87%
Magic:  3/5        EV: 13    Int: 12    God:
Gold:   114        SH:  0    Dex: 14    Spells: 2/5 levels left

rFire    + . .     SeeInvis .     - Unarmed
rCold    + . .     Gourm    .   (no shield)
rNeg     . . .     Faith    .   b - +0 robe
rPois    +         Spirit   .   (no helmet)
rElec    +         Reflect  .   (no cloak)
rCorr    +         Harm     .   (no gloves)
MR       .....                  (no boots)
Stlth    +.........             (no amulet)
HPRegen  0.07/turn              (no ring)
MPRegen  0.09/turn              (no ring)

@: lethally poisoned (1 -> -1), appendage (expiring), resistant
A: change form in water, swift swim, stealthy swim, horns 2
a: End Transformation


You were on level 1 of the Dungeon.
You were not hungry.
You had grown temporary horns.
You visited 1 branch of the dungeon, and saw 2 of its levels.

You collected 114 gold pieces.

Inventory:

Missiles
 a - 28 arrows
 f - 16 poisoned darts (quivered)
Armour
 b - a +0 robe (worn)
Scrolls
 e - 2 scrolls of noise {unknown}
 g - 3 scrolls of identify {unknown}
Comestibles
 c - 2 chunks of flesh
 d - 2 rations


   Skills:
 + Level 1.2 Fighting
 + Level 2.8 Dodging
 + Level 3.3 Unarmed Combat
 - Level 2.0 Spellcasting
 - Level 4.1 Transmutations


You had 2 spell levels left.
You knew the following spells:

 Your Spells              Type           Power        Failure   Level  Hunger
a - Beastly Appendage     Tmut           ##....       4%          1    ##.....
b - Sticks to Snakes      Tmut           ##......     8%          2    ###....

Your spell library contained the following spells:

 Spells                   Type           Power        Failure   Level  Hunger
 Spider Form              Tmut/Pois      #.........   34%         3    ####...
 Ice Form                 Ice/Tmut       #.......     75%         4    #####..
 Blade Hands              Tmut           ##........   80%         5    ######.


Dungeon Overview and Level Annotations

Branches:
Dungeon (2/15)

Altars:

Annotations:
D:2 Robin


Innate Abilities, Weirdness & Mutations

You revert to your normal form in water.
You are very nimble and swift while swimming.
You are very stealthy in the water. (Stealth+)
You have a pair of horns on your head.


Message History

Your transformation is almost over.
* * * LOW HITPOINT WARNING * * *
You feel sick. The adder bites your adder.
Your adder is poisoned.
The adder poisons your adder!
Your adder completely misses the adder.
You feel protected.
* * * LOW HITPOINT WARNING * * *
You feel sick. The adder bites your adder.
Your adder looks even sicker.
The adder poisons your adder!
Your adder completely misses the adder.
The adder bites your adder.
* * * LOW HITPOINT WARNING * * *
You feel sick.
Your adder dies!
* * * LOW HITPOINT WARNING * * *
You feel sick.
Welcome back, Heliosone the Merfolk Transmuter.
Press ? for a list of commands and other information.
Are you sure you want to abandon this character and quit the game? (Confirm with "yes".)

#...# #....
#######..#### #.###
#...........#####.#..
#.##.......>.........
#.##.###.###.####..##
#.##.# #.# #.# #..#
#.##.# #.###.## #..##
#.##.# #.##...###....
#.##@###...........#.
#...S....##...###....
####.###.###.#.)...#.
#.# #.# #.#.#####.
#g# #.# #.#)# #. #.#
#.# #.#.# #.
#.###.###.#.# #.
#...g...).(.# #.
#####.####### #.


You could see an adder and a goblin.

Vanquished Creatures
  A dart slug (D:1)
  3 leopard geckos (D:1)
  A ball python (D:1)
  A giant cockroach (D:1)
  2 bats (D:1)
  2 goblins (D:1)
  3 kobolds (D:1)
  5 rats
18 creatures vanquished.

Notes
Turn   | Place    | Note
-------+----------+-------------------------------------------
     0 | D:1      | Heliosone the Merfolk Transmuter began the quest for the
                  | Orb.
     0 | D:1      | Reached XP level 1. HP: 15/15 MP: 3/3
    21 | D:1      | Reached skill level 3 in Transmutations
   112 | D:1      | Reached XP level 2. HP: 21/21 MP: 5/5
   135 | D:1      | Learned a level 2 spell: Sticks to Snakes
   278 | D:1      | Reached skill level 4 in Transmutations
   912 | D:2      | Noticed Robin
   943 | D:1      | HP: 1/21 [poisoned by an adder]
   944 | D:1      | Quit the game

Levels and vault maps discovered:
D:1:      minmay_arrival_jagged, layout_loops_ring, chequers_arboretum
D:2:      layout_basic, chequers_temple_overflow_statue_of_worship,
          uniq_terence, uniq_robin, uniq_natasha

Skill      XL: |  1  2 |
---------------+-------+-----
Transmutations | 3 4 |  4.1
Fighting       | |  1.2
Dodging        | |  2.8
Unarmed Combat | |  3.3
Spellcasting   | |  2.0

Action                   || total
-------------------------++-------
Melee: Unarmed           ||    49
       Headbutt          ||     9
 Cast: Beastly Appendage ||    13
       Sticks to Snakes  ||     1
  Use: Potion            ||     1
Armor: Robe              ||    11
Dodge: Dodged            ||    42

Table legend:
 A = Non-vault XP
 B = Vault XP
 C = Vault XP percentage of total XP
 D = Non-vault monster count
 E = Vault monster count
 F = Vault count percentage of total count
                 A         B        C        D         E       F
            +---------+---------+-------+---------+---------+-------
      Total |      31 |       0 |   0.0 |      18 |       0 |   0.0
            +---------+---------+-------+---------+---------+-------
        D:1 |      29 |       0 |   0.0 |      16 |       0 |   0.0
        D:2 |       2 |       0 |   0.0 |       2 |       0 |   0.0
            +---------+---------+-------+---------+---------+-------
